 Dungeon Crawl Stone Soup version 0.27.0-1-g7a089689b8 (webtiles) character file.

Game seed: 3459992904261970049

11 Spectrina the Ducker (level 2, 13/18 HPs)
             Began as a Deep Elf Monk on Aug 9, 2021.
             Was a Priest of Lugonu.
             Quit the game on level 1 of the Dungeon.
             The game lasted 00:03:03 (287 turns).

Spectrina the Ducker (Deep Elf Monk)                 Turns: 287, Time: 00:03:04

Health: 13/18      AC:  3    Str:  8    XL:     2   Next: 13%
Magic:  5/5        EV: 13    Int: 14    God:    Lugonu [***...]
Gold:   33         SH:  0    Dex: 17    Spells: 3/3 levels left

rFire    . . .     SeeInvis .   a - +0 short sword
rCold    + . .     Faith    .   (no shield)
rNeg     . . .     Spirit   .   b - +0 robe
rPois    .         Reflect  .   (no helmet)
rElec    .         Harm     .   (no cloak)
rCorr    .         Rampage  .   d - +0 pair of gloves
Will     .....                  (no boots)
Stlth    ++........             (no amulet)
HPRegen  0.06/turn              f - ring of protection from cold
MPRegen  0.09/turn              (no ring)

@: no status effects
A: no striking features
a: Renounce Religion, Depart the Abyss, Bend Space, Banish


You were on level 1 of the Dungeon.
You worshipped Lugonu.
Lugonu was most pleased with you.
You visited 1 branch of the dungeon, and saw 2 of its levels.

You collected 33 gold pieces.

Inventory:

Hand Weapons
 a - a +0 short sword (weapon)
Missiles
 c - 22 arrows
 e - 24 stones (quivered)
 g - 20 bolts
Armour
 b - a +0 robe (worn)
 d - a +0 pair of gloves (worn)
Jewellery
 f - a ring of protection from cold (left hand)
Scrolls
 h - a scroll of fog {unknown}


   Skills:
 - Level 2.4 Fighting
 - Level 3.0 Short Blades
 - Level 3.6 Dodging
 - Level 2.4 Stealth
 + Level 1.2 Spellcasting
 * Level 1.6 Invocations


You had 3 spell levels left.
You didn't know any spells.
Your spell library was empty.

Dungeon Overview and Level Annotations

Branches:
Dungeon (2/15)

Altars:
Lugonu


Message History

The dart slug launches a dart at you. The slug dart misses you.
You hit the dart slug.
You kill the dart slug!
Lugonu accepts your kill.
You have reached level 2!
h - a scroll labelled KEHEGE NUAJEO The bat barely misses you.
You hit the bat but do no damage. The bat barely misses you.
The bat closely misses you. The bat hits you but does no damage.
You closely miss the bat. The bat closely misses you.
You miss the bat. The bat hits you but does no damage.
The bat barely misses you.
You closely miss the bat. The bat closely misses you.
The bat hits you but does no damage. The bat misses you.
The rat bites you but does no damage.
You hit the rat.
The rat is moderately wounded.
The bat closely misses you. The rat misses you.
You hit the rat.
The rat is severely wounded.
The bat hits you. The bat closely misses you. The rat barely misses you.
The bat closely misses you.
You barely miss the rat.
The rat is severely wounded.
The bat hits you but does no damage. The bat barely misses you.
The rat barely misses you.
You hit the rat.
You kill the rat!
Lugonu accepts your kill. The bat misses you.
Okay, then.
Unknown command.
Unknown command.
The bat hits you but does no damage.
You hit the bat.
You kill the bat!
Lugonu accepts your kill.
Okay, then.
Are you sure you want to abandon this character and quit the game? (Confirm with "yes".)

#................#
#................#
.....>#..........#
#.#..............#
#...........†..#
#..............#######
#.....†..............#
#.#.#..........#####.#
#.....######.#@#...#.#
###.### #.#.#..##.# ..
#. #.#.#...#.# .. #
#.#.....#.# ..
#....##.#.##.##.# ..##
.##....##.#.....#.# ....
............#.#.#.#
...##.##.....#.###.#.#.#
.............#.###...#.#


There were no monsters in sight!

Vanquished Creatures
  2 dart slugs (D:1)
  A bat (D:1)
  2 endoplasms
  2 rats (D:1)
7 creatures vanquished.

Notes
Turn   | Place    | Note
-------+----------+-------------------------------------------
     0 | D:1      | Spectrina the Deep Elf Monk began the quest for the Orb.
     0 | D:1      | Reached XP level 1. HP: 13/13 MP: 3/3
   152 | D:1      | Found a faded altar of an unknown god.
   164 | D:1      | Reached skill level 1 in Invocations
   169 | D:1      | Became a worshipper of Lugonu the Unformed
   169 | D:1      | Reached * piety under Lugonu
   169 | D:1      | Reached ** piety under Lugonu
   169 | D:1      | Reached *** piety under Lugonu
   199 | D:2      | Reached skill level 1 in Spellcasting
   236 | D:1      | Reached XP level 2. HP: 11/18 MP: 5/5
   287 | D:1      | Quit the game

Illustrated notes

Levels and vault maps discovered:
D:1:      saegor_arrival_simple_a, layout_basic,
          ebering_ecumenical_altar_petrified, minmay_hexomino_f4
D:2:      cheibrodos_helix_gallery, layout_basic, serial_glass, glass_columns_a,
          glass_columns_a, glass_columns_a, glass_columns_a, glass_columns_a,
          glass_columns_a, feat_on_display

Skill      XL: |  1 |
---------------+----+-----
Invocations    | 1 |  1.6
Spellcasting   | 1 |  1.2
Fighting       | |  2.4
Short Blades   | |  3.0
Dodging        | |  3.6
Stealth        | |  2.4

Action                   || total
-------------------------++-------
Melee: Short sword       ||    30
Armor: Robe              ||     6
Dodge: Dodged            ||    26
